 Dungeon Crawl Stone Soup version 0.31-a0-1074-g0b22e4e0f1 (webtiles) character file.

Game seed: 6041299652226620613

802 Smoke131 the Poker (level 7, -3/72 HPs)
             Began as an Ogre Gladiator on Dec 2, 2023.
             Was a Follower of Okawaru.
             Killed by divine providence
             ... invoked by an orc priest
              (14 damage)
             ... on level 5 of the Dungeon.
             The game lasted 00:14:24 (5225 turns).

Smoke131 the Poker (Ogre Gladiator)                 Turns: 5225, Time: 00:14:25

Health: -3/72      AC:  3    Str: 21    XL:     7   Next: 91%
Magic:  6/7        EV:  9    Int:  9    God:    Okawaru [*.....]
Gold:   156        SH:  9    Dex: 10    Spells: 6/6 levels left

rFire   + . .        a - +0 trident
rCold   . . .        o - +1 kite shield
rNeg    . . .        b - +0 robe
rPois   .            c - +0 hat
rElec   .            (no cloak)
rCorr   .            (gloves unavailable)
SInv    .            (boots unavailable)
Will    .....        (no amulet)
Stlth   +            s - ring of protection from fire
HPRegen 0.32/turn    (no ring)
MPRegen 0.10/turn

%: no passive effects
@: mighty
A: large, unfitting armour, tough skin 1
a: Renounce Religion, Heroism


You were on level 5 of the Dungeon.
You worshipped Okawaru.
Okawaru was aware of your devotion.
You visited 1 branch of the dungeon, and saw 5 of its levels.
You also visited: Sewer.

You collected 156 gold pieces.

Inventory:

Hand Weapons
 a - a +0 trident (weapon)
Missiles
 d - 3 throwing nets
 e - a large rock
 p - 19 poisoned darts (quivered)
 r - a curare-tipped dart
Armour
 b - a +0 robe (worn)
 c - a +0 hat (worn)
 o - a +1 kite shield (worn)
Jewellery
 s - a ring of protection from fire (left hand)
Scrolls
 f - 2 scrolls of blinking {unknown}
 h - a scroll of identify
 m - a scroll of teleportation
Potions
 g - a potion of curing
 i - a potion of haste {unknown}
 j - 2 potions of heal wounds {unknown}
 k - a potion of resistance {unknown}
 l - a potion of cancellation {unknown}
 n - 2 potions of might
 q - a potion of attraction {unknown}


   Skills:
 + Level 5.1 Fighting
 + Level 5.1 Polearms
 + Level 5.1 Throwing
 - Level 3.0 Dodging
 + Level 4.0 Shields
 + Level 0.6 Invocations


You had 6 spell levels left.
You didn't know any spells.
Your spell library contained the following spells:

 Spells                   Type           Power      Damage    Failure   Level
 Foxfire                  Conj/Fire      0%         2x1d4     67%         1
 Plasma Beam              Fire/Air       0%         2x1d10    100%        6
 Starburst                Conj/Fire      0%         6d3       100%        6


Dungeon Overview and Level Annotations

Branches:
Dungeon (5/15)             Temple (0/1) D:4           Sewer (visited)

Altars:
Dithmenos
Elyvilon
Hepliaklqana
Okawaru
Sif Muna
Wu Jian

Shops:
D:1 ?


Innate Abilities, Weirdness & Mutations

You are too large for most types of armour.
You have tough skin. (AC +1)


Message History

The howler monkey barely misses you.
A hound comes into view.
You feel very mighty all of a sudden. You block the howler monkey's attack.
You puncture the howler monkey!
The howler monkey is heavily wounded.
The howler monkey hits you.
* * * LOW HITPOINT WARNING * * *
You closely miss the howler monkey.
The howler monkey is heavily wounded.
The howler monkey hits you.
* * * LOW HITPOINT WARNING * * *
You block the howler monkey's attack.
You gain the combat prowess of a mighty hero.
The howler monkey hoots and howls with incredible vigour!
You hear a shout! x2
You puncture the howler monkey!
You kill the howler monkey!
Okawaru accepts your kill. The hound bites you but does no damage.
An orc comes into view. It is wielding a +0 flail.
You block the hound's attack.
You puncture the hound!
The hound is severely wounded.
You block the hound's attack.
You puncture the hound!
You kill the hound!
Okawaru accepts your kill. The orc hits you with a +0 flail!
* * * LOW HITPOINT WARNING * * *
You closely miss the orc. You block the orc's attack.
You completely miss the orc. The orc hits you but does no damage.
You impale the orc!!
You kill the orc!
Okawaru accepts your kill.
An orc priest comes into view. It is wielding a +0 mace.
You feel like a meek peon again.
The orc priest calls down the wrath of Beogh upon you.
Beogh smites you!
You die...

#..h #... ...o#
#.# #.l .... ...#
#.# .. .._. #..#
#.# ####
##o.###.#....# #
...#...#....#.#
#...........#
#.).†##.....#
##.#..†.....#
#@####.....#
#...............#
..##..##.######...
##. .# .. # .# .
.# .# ..
##############


You could see an orc priest.

Vanquished Creatures
  A black bear (D:4)
  4 kobold brigands (Sewer)
  A scorpion (D:5)
  A howler monkey (D:5)
  A hound (D:5)
  A jelly (D:4)
  2 iguanas (D:5)
  An orc wizard (D:4)
  6 adders
  A gnoll (D:1)
  3 river rats (Sewer)
  3 worms
  A dart slug (D:4)
  5 orcs
  6 endoplasms
  A giant cockroach (D:4)
  7 hobgoblins
  10 jackals
  8 kobolds
  4 quokkas
  10 ball pythons
  7 bats
  5 frilled lizards
  6 goblins
  8 rats
103 creatures vanquished.

Notes
Turn   | Place    | Note
-------+----------+-------------------------------------------
     0 | D:1      | Smoke131 the Ogre Gladiator began the quest for the Orb.
     0 | D:1      | Reached XP level 1. HP: 22/22 MP: 1/1
   202 | D:1      | Reached XP level 2. HP: 21/31 MP: 2/2
   464 | D:1      | Found Utudduwuegh's Magic Scroll Shop.
   592 | D:1      | Reached XP level 3. HP: 37/37 MP: 3/3
  1372 | D:2      | Found a faded altar of an unknown god.
  1690 | D:3      | Found a hazy altar of Hepliaklqana.
  1692 | D:3      | Found a shadowy altar of Dithmenos.
  1692 | D:3      | Noticed a shadow
  1986 | D:3      | Reached XP level 4. HP: 45/48 MP: 4/4
  2559 | D:4      | Found an iron altar of Okawaru.
  2669 | D:4      | Became a worshipper of Warmaster Okawaru
  2711 | D:4      | Noticed a black bear
  2718 | D:4      | Killed a black bear
  2719 | D:4      | Reached skill level 1 in Shields
  2719 | D:4      | Reached XP level 5. HP: 54/55 MP: 5/5
  2750 | D:4      | Found a staircase to the Ecumenical Temple.
  3159 | D:4      | Reached XP level 6. HP: 65/65 MP: 6/6
  3267 | D:4      | Found a shimmering blue altar of Sif Muna.
  3304 | D:4      | Found a white marble altar of Elyvilon.
  3588 | D:5      | Entered Level 5 of the Dungeon
  3596 | D:4      | Reached skill level 5 in Fighting
  3872 | D:5      | Found a glowing drain.
  3879 | D:5      | Reached * piety under Okawaru
  3892 | Sewer    | Entered a sewer
  4073 | Sewer    | Reached XP level 7. HP: 18/72 MP: 4/7
  4655 | Sewer    | Reached skill level 5 in Polearms
  4907 | Sewer    | Reached skill level 5 in Throwing
  5190 | D:5      | Found an ornate altar of the Wu Jian Council.
  5225 | D:5      | Killed from afar by an orc priest

Illustrated notes

Levels and vault maps discovered:
D:1:      nicolae_arrival_somewhat_less_tricky_arrival, layout_loops_ring,
          serial_shops, shop, st_stairs_10, nicolae_houndstooth_variations
D:2:      layout_rooms, ebering_ecumenical_altar_ruins,
          dreamdust_princess_corridor
D:3:      layout_basic, riverfiend_overflow_shadow_ancestor
D:4:      layout_gridville, elyvilon_altar_4, kennysheep_little_box,
          mainiacjoe_overflow_small_starburst, minmay_temple_entry_junction_2,
          serial_glass, glass_columns_c, glass_columns_a
D:5:      layout_basic, nicolae_wu_jian_wuxing_cycle, portal_sewer_entry_d

Skill      XL: |  1  2  3  4  5  6  7 |
---------------+----------------------+-----
Fighting       | 3 4 5 |  5.1
Dodging        | 3 |  3.0
Throwing       | 3 4 5 |  5.1
Shields        | 1 3 4 |  4.0
Polearms       | 4 5 |  5.1
Invocations    | |  0.6

Action                     |  1- 3 |  4- 6 |  7- 9 || total
---------------------------+-------+-------+-------++-------
  Melee: Trident           |   133 |   121 |   162 ||   416
  Throw: Large rock        |     1 |     2 |       ||     3
         Dart              |       |    12 |     7 ||    19
 Invoke: Heroism           |       |     1 |     1 ||     2
    Use: Scroll            |     1 |     7 |     1 ||     9
         Potion            |     1 |     1 |     1 ||     3
   Stab: Sleeping          |     2 |       |       ||     2
 Armour: Robe              |   158 |    89 |    80 ||   327
  Dodge: Dodged            |   122 |    41 |    64 ||   227
  Block: Kite shield       |       |    52 |    83 ||   135

Table legend: (Time is in decaauts)
 A = Elapsed time spent in this place.
 B = Non-inter-level travel time spent in this place.
 C = Inter-level travel time spent in this place.
 D = Time resting spent in this place.
 E = Time spent auto-exploring this place.
 F = Levels seen in this place.
 G = Mean time per level.
                   A        B        C        D        E       F      G
               +--------+--------+--------+--------+--------+-----+--------+
         Total |   5310 |   5200 |    110 |    532 |   3148 |   6 |  885.0 |
       Dungeon |   4134 |   4024 |    110 |    195 |   2811 |   5 |  826.8 |
         Sewer |   1175 |   1175 |      0 |    337 |    337 |   1 | 1175.0 |
               +--------+--------+--------+--------+--------+-----+--------+

Top non-repeatable levels by time:
     D:4: 1188 daAuts
   Sewer: 1175 daAuts
     D:1: 1125 daAuts
     D:3: 1010 daAuts
     D:2: 442 daAuts
     D:5: 367 daAuts
